 Dungeon Crawl Stone Soup version 0.22-a0-553-g9358b0b (webtiles) character file.

39 glosham the Magician (level 3, 0/19 HPs)
             Began as a Tengu Ice Elementalist on June 25, 2018.
             Succumbed to an adder's poison
             ... on level 2 of the Dungeon.
             The game lasted 00:12:53 (528 turns).

glosham the Magician (Tengu Ice Elementalist)        Turns: 528, Time: 00:12:54

Health: 0/19       AC:  3    Str:  8    XL:     3   Next: 47%
Magic:  1/8        EV: 15    Int: 16    God:
Gold:   48         SH:  0    Dex: 14    Spells: 5/8 levels left

rFire    . . .     SeeInvis .   a - +0 dagger
rCold    + . .     Gourm    .   (no shield)
rNeg     . . .     Faith    .   f - +0 robe
rPois    .         Spirit   .   (helmet restricted)
rElec    .         Reflect  .   (no cloak)
rCorr    .         Harm     .   e - +0 pair of gloves
MR       .....                  (boots unavailable)
Stlth    ++........             (no amulet)
HPRegen  0.06/turn              C - ring of protection from cold
MPRegen  0.11/turn              (no ring)

@: lethally poisoned (0 -> -9), flying quickly and evasively, quick
A: beak, talons 3
a: no special abilities


You were on level 2 of the Dungeon.
You were not hungry.

You visited 1 branch of the dungeon, and saw 2 of its levels.

You collected 48 gold pieces.

Inventory:

Hand Weapons
 a - a +0 dagger (weapon)
Armour
 e - a +0 pair of gloves (worn)
 f - a +0 robe (worn)
Jewellery
 C - a ring of protection from cold (left hand)
Comestibles
 c - 3 rations
 d - 4 chunks of flesh


   Skills:
 - Level 2.2 Dodging
 - Level 2.0 Stealth
 * Level 3.0 Spellcasting
 * Level 2.7 Conjurations
 - Level 2.7 Ice Magic


You had 5 spell levels left.
You knew the following spells:

 Your Spells              Type           Power        Failure   Level  Hunger
x - Throw Frost           Conj/Ice       ##....       10%         2    ##.....
z - Freeze                Ice            ##..         6%          1    #......

Your spell library contained the following spells:

 Spells                   Type           Power        Failure   Level  Hunger
 Summon Ice Beast         Ice/Summ       #.......     71%         4    #####..
 Ozocubu's Armour         Chrm/Ice       #.......     32%         3    ###....
 Throw Icicle             Conj/Ice       ##......     52%         4    #####..


Dungeon Overview and Level Annotations

Branches:
Dungeon (2/15)

Altars:


Innate Abilities, Weirdness & Mutations

You have a beak for a mouth.
You have claws for feet.


Message History

Casting: Freeze (safe; 6% risk of failure)
Confirm with . or Enter, or press ? or * to list all spells.
Aiming: Freeze (safe; 6% risk of failure)
Press: ? - help, Shift-Dir - straight line, f/p - adder
Aim: an adder (almost dead, slow)
You freeze the adder.
You kill the adder!
Your Spellcasting skill increases to level 3!
You feel sick. The giant cockroach closely misses you.
Casting: Freeze (safe; 6% risk of failure)
Confirm with . or Enter, or press ? or * to list all spells.
Aiming: Freeze (safe; 6% risk of failure)
Press: ? - help, Shift-Dir - straight line, f - giant cockroach
Aim: a giant cockroach You freeze the giant cockroach.
The giant cockroach is severely wounded.
* * * LOW HITPOINT WARNING * * *
You feel sick. The giant cockroach closely misses you.
Casting: Freeze (safe; 6% risk of failure)
Confirm with . or Enter, or press ? or * to list all spells.
Aiming: Freeze (safe; 6% risk of failure)
Press: ? - help, Shift-Dir - straight line, f/p - giant cockroach
Aim: a giant cockroach (severely wounded)
You freeze the giant cockroach.
You kill the giant cockroach!
Okay, then.
There is a lethal amount of poison in your body!
Unknown command.
It was a potion of flight.
You feel very buoyant.
You swoop lightly up into the air.
* * * LOW HITPOINT WARNING * * *
You feel sick.
* * * LOW HITPOINT WARNING * * *
You feel sick.
* * * LOW HITPOINT WARNING * * *
You feel sick.
You enter a teleport trap!
The teleport trap disappears.
Your surroundings suddenly seem different.
You die...

.<.######..#####...##
### .......#..## ###..#
###.# ...###...##
##.#### #...# ..##.....#
#....###.#.# .##..##.###
####.#...#.# ###.###...#
##..(.......# #)..#
###.### ####...........#
..###
#...###.....######.#.#
### ###..#..@..##
#...####
############.#..####
#.......
..........รท.[...###
#.#.###.
##......####......###
#.#.# ##
#..####..#####.##...####
#.#.#
..###..................#
#.#.# #
......##.......#########
#.#.# # #.##########..##
#.#.# # #..#
####..###########.#.####


There were no monsters in sight!

Vanquished Creatures
  An adder (D:2)
  A dart slug (D:1)
  4 giant cockroaches (D:2)
  2 goblins (D:1)
  2 hobgoblins
  4 jackals (D:2)
  A ball python (D:1)
  A bat (D:2)
  4 frilled lizards
  4 kobolds
  4 rats
28 creatures vanquished.

Notes
Turn   | Place    | Note
-------+----------+-------------------------------------------
     0 | D:1      | glosham the Tengu Ice Elementalist began the quest for the Orb.
     0 | D:1      | Reached XP level 1. HP: 10/10 MP: 4/4
   138 | D:1      | Reached XP level 2. HP: 15/15 MP: 3/6
   148 | D:1      | Learned a level 2 spell: Throw Frost
   287 | D:2      | Reached skill level 2 in Conjurations
   348 | D:2      | Reached XP level 3. HP: 9/19 MP: 0/8
   520 | D:2      | Reached skill level 3 in Spellcasting
   526 | D:2      | HP: 1/19 [poisoned by an adder]
   528 | D:2      | Succumbed to an adder's poison

Vault maps used:
D:1:      minmay_arrival_semitransparent

Skill      XL: |  1  2  3 |
---------------+----------+-----
Conjurations   | 2 |  2.7
Spellcasting   | 3 |  3.0
Dodging        | |  2.2
Stealth        | |  2.0
Ice Magic      | |  2.7

Action                   || total
-------------------------++-------
Melee: Dagger            ||     8
       Kick              ||     2
       Peck              ||     2
 Cast: Freeze            ||    45
  Use: Scroll            ||     3
       Potion            ||     1
Armor: Robe              ||    10
Dodge: Dodged            ||    23

Table legend:
 A = Spawn XP
 B = Non-spawn XP
 C = Spawn XP percentage of total XP
 D = Spawn monster count
 E = Non-spawn monster count
 F = Spawn count percentage of total count
 G = Total turns spent on level
                    A         B        C        D         E        F      G
               +---------+---------+-------+---------+---------+-------+---------
         Total |       0 |      57 |   0.0 |       0 |      28 |   0.0 |   528
               +---------+---------+-------+---------+---------+-------+---------
           D:1 |       0 |      16 |   0.0 |       0 |      10 |   0.0 |   235
           D:2 |       0 |      41 |   0.0 |       0 |      18 |   0.0 |   293
               +---------+---------+-------+---------+---------+-------+---------

Table legend:
 A = Turns spent in this place as a percentage of turns spent in the entire game.
 B = Non-inter-level travel turns spent in this place as a percentage of non-inter-level travel turns spent in the entire game.
 C = Inter-level travel turns spent in this place as a percentage of turns spent in this place.
 D = Turns resting spent in this place as a percentage of non-inter-level travel turns spent in this place.
 E = Turns spent auto-exploring this place as a percentage of non-inter-level travel turns spent in this place.
 F = Non-inter-level travel turns spent in this place divided by the number of levels of this place that you've seen.
                   A       B       C       D       E      F
               +-------+-------+-------+-------+-------+----------------------
         Total | 100.0 | 100.0 |   0.0 |   0.0 |   0.0 | 264.0
       Dungeon | 100.0 | 100.0 |   0.0 |   0.0 |   0.0 | 264.0
               +-------+-------+-------+-------+-------+----------------------

Table legend:
 A = Kills in this place as a percentage of kills in entire the game.
 B = Kills by you in this place as a percentage of kills by you in the entire game.
 C = Kills by friends in this place as a percentage of kills by friends in the entire game.
 D = Other kills in this place as a percentage of other kills in the entire game.
 E = Experience gained in this place as a percentage of experience gained in the entire game.
 F = Experience gained in this place divided by the number of levels of this place that you have seen.
                   A       B       C       D       E      F
               +-------+-------+-------+-------+-------+----------------------
         Total | 100.0 | 100.0 |   N/A |   N/A | 100.0 |  28.5
       Dungeon | 100.0 | 100.0 |   N/A |   N/A | 100.0 |  28.5
               +-------+-------+-------+-------+-------+----------------------

Vault maps used:
D:1:      minmay_arrival_semitransparent
